 Dungeon Crawl Stone Soup version 0.29.1-15-g9cfb28693d (webtiles) character file.

Game seed: 15349188130635505041

8668 Eryximachus the Transmogrifier (level 11, -2/72 HPs)
             Began as an Octopode Transmuter on Apr 9, 2023.
             Was an Initiate of Gozag.
             Slain by a vampire (10 damage)
             ... on level 10 of the Dungeon.
             The game lasted 01:06:30 (18187 turns).

Eryximachus the Transmogrifier (OpTm)              Turns: 18187, Time: 01:06:31

Health: -2/72      AC:  1    Str: 16    XL:     11   Next: 34%
Magic:  17/17      EV: 30    Int: 19    God:    Gozag
Gold:   1114       SH:  0    Dex: 13    Spells: 9/18 levels left

rFire   + . .      SeeInvis .   h - +0 dagger (venom)
rCold   + . .      Faith    .   (no shield)
rNeg    . . .      Spirit   .   (helmet restricted)
rPois   .          Reflect  .   q - amulet of the acrobat
rElec   .          Harm     .   S - +6 ring of strength
rCorr   +          Rampage  .   Z - ring of wizardry
Will    .....                   R - ring of resist corrosion
Stlth   +++++.....              C - ring of protection from cold
HPRegen 0.22/turn               F - ring of protection from fire
MPRegen 0.15/turn               (no ring)
                                (no ring)
                                (no ring)

@: acrobatic
A: almost no armour, amphibious, 8 rings, camouflage 1, gelatinous body 1,
(nimble swimmer 1), tentacles
a: Renounce Religion, Potion Petition, Call Merchant, Bribe Branch


You were on level 10 of the Dungeon.
You worshipped Gozag.
Gozag was most pleased with you.
You visited 1 branch of the dungeon, and saw 10 of its levels.

You collected 1206 gold pieces.
You paid 92 gold pieces to Gozag.


Innate Abilities, Weirdness & Mutations

You cannot wear most types of armour.
You are amphibious.
You can wear up to eight rings at the same time.
Your skin changes colour to match your surroundings (Stealth+).
Your rubbery body absorbs attacks. (AC +1, EV +1)
((You are camouflaged when in or above water. (Stealth+)))
You have tentacles for arms and can constrict up to eight enemies at once.


   Skills:
 + Level 6.0 Fighting
 + Level 6.0 Dodging
 + Level 7.7 Stealth
 - Level 4.0 Shields
 + Level 6.8 Unarmed Combat
 - Level 4.0 Spellcasting
 + Level 8.7 Transmutations
 - Level 5.0 Ice Magic
 - Level 4.0 Poison Magic
 - Level 5.0 Evocations


You had 9 spell levels left.
You knew the following spells:

 Your Spells              Type           Power      Damage    Failure   Level
c - Ice Form              Ice/Tmut       29%        N/A       3%          4
s - Spider Form           Tmut/Pois      27%        N/A       1%          3
w - Wereblood             Tmut           36%        N/A       1%          2

Your spell library contained the following spells:

 Spells                   Type           Power      Damage    Failure   Level
 Beastly Appendage        Tmut           72%        N/A       1%          1
 Ignite Poison            Fire/Tmut/Pois 19%        N/A       3%          3
 Shock                    Conj/Air       12%        1d3       6%          1
 Slow                     Hex            12%        N/A       6%          1
 Summon Small Mammal      Summ           12%        N/A       6%          1
 Call Canine Familiar     Summ           3%         N/A       16%         3
 Confusing Touch          Hex            3%         N/A       16%         3
 Conjure Flame            Conj/Fire      3%         6-21      16%         3
 Summon Guardian Golem    Hex/Summ       3%         N/A       16%         3
 Swiftness                Air            3%         N/A       16%         3
 Vampiric Draining        Necr           3%         2d6       16%         3
 Airstrike                Air            1%         2d(1-17)  45%         4
 Anguish                  Hex/Necr       1%         N/A       45%         4
 Sticky Flame             Conj/Fire      3%         2d3       45%         4
 Enfeeble                 Hex            1%         N/A       100%        7

Inventory:

Hand Weapons
 h - a +0 dagger of venom (weapon)
Missiles
 c - 82 stones
 f - a throwing net {=f}
 x - 7 poisoned darts (quivered)
Armour
 t - a +0 buckler
 y - a +0 buckler
Jewellery
 q - an amulet of the acrobat (around mantle)
 C - a ring of protection from cold (on tentacle)
 F - a ring of protection from fire (on tentacle)
 R - a ring of resist corrosion (on tentacle)
 S - a +6 ring of strength (left tentacle)
 Z - a ring of wizardry (right tentacle)
Wands
 r - a wand of roots (7)
 v - a wand of flame (22)
 D - a wand of quicksilver (15)
 I - a wand of polymorph (5)
Scrolls
 b - 6 scrolls of noise
 d - a scroll of vulnerability {unknown}
 e - 2 scrolls of enchant weapon
 m - 4 scrolls of poison
 n - 2 scrolls of immolation
 p - a scroll of brand weapon
 s - a scroll of magic mapping {unknown}
 w - a scroll of amnesia
 B - 2 scrolls of butterflies
 E - a scroll of silence {!r}
 G - 3 scrolls of teleportation {@r2}
 H - a scroll of fear {unknown}
Potions
 a - 2 potions of lignification
 i - 2 potions of curing {@q1}
 j - 3 potions of mutation
 k - a potion of brilliance
 l - 2 potions of might
 o - a potion of flight
 u - 4 potions of degeneration
 z - a potion of resistance
 A - 3 potions of attraction

Dungeon Overview and Level Annotations

Branches:
Dungeon (10/15)            Temple (0/1) D:7            Lair (0/5) D:10
    Orc: D:9-12

Altars:
Dithmenos
Gozag
Hepliaklqana
Makhleb
Nemelex Xobeh
Okawaru
Qazlal
Ru
Uskayaw
Vehumet
Xom
Zin
The Shining One

Shops:
D:5 [   D:6 (   D:8 (   D:9 (

Annotations:
D:8 Amaemon
D:10 1 runed translucent door

.. #.# #... ######.#
#..........#.# #... .....#.#
#......... #.#####.[. .....#.#
##........ #......... .....#.#
#........ #.##.##... .....#.#
#.......# #.##.##...
.....#.#####.......# #.##.###..
...................#####.........
................@............##..
...................##.##.##..#...
...................##.##.#▒▒▒▒+▒▒
..............##.####.##..▒


▒oo .....#+######.............▒▒8.. ....b......#..............▒▒...
.................####.##..▒.. .................# #.##..▒ ...........#.###.#
#.##..▒ There were no monsters in sight!


Message History

Your butterfly dies!
Your butterfly disappears in a burst of colours!
You feel much better. Something closely misses you.
Something barely misses you. Something misses your butterfly. x2
Your butterfly disappears in a burst of colours!
Your transformation is almost over.
Your butterfly disappears in a burst of colours!
Something closely misses you. Something bites you but does no damage.
Your butterfly disappears in a burst of colours!
Your butterfly disappears in a burst of colours! x2
Something hits you.
* * * LOW HITPOINT WARNING * * *
Something bites you.
* * * LOW HITPOINT WARNING * * *
Something draws strength from your injuries!
Your butterfly disappears in a burst of colours!
Something hits you.
* * * LOW HITPOINT WARNING * * *
Something misses you.
You warm up again.
Your +0 dagger of venom unmelds from your body.
Your +0 dagger of venom begins to drip with poison!
Something closely misses you. Something completely misses you.
Something hits you!
* * * LOW HITPOINT WARNING * * *
Something closely misses you. Something misses you. Something bites you!
You die...
Your body crumbles into a pile of gold.

Skill      XL: |  1  2  3  4  5  6  7  8  9 10 11 |
---------------+----------------------------------+-----
Transmutations | 3 4 5 6 7 8 |  8.7
Poison Magic   | 1 3 4 |  4.0
Fighting       | 2 3 5 6 |  6.0
Unarmed Combat | 4 6 |  6.8
Ice Magic      | 1 5 |  5.0
Stealth        | 3 6 7 |  7.7
Shields        | 1 3 4 |  4.0
Dodging        | 4 5 6 |  6.0
Evocations     | 5 |  5.0
Spellcasting   | 4 |  4.0

Action                   |  1- 3 |  4- 6 |  7- 9 | 10-12 || total
-------------------------+-------+-------+-------+-------++-------
Melee: Unarmed           |    79 |   103 |   221 |   215 ||   618
       Kick              |    24 |       |       |       ||    24
       Constrict         |    22 |     7 |    10 |     4 ||    43
       Tentacles         |     8 |    13 |     8 |     6 ||    35
       Dagger            |     2 |    44 |    28 |    11 ||    85
       Punch             |       |     2 |     2 |     1 ||     5
Throw: Stone             |     1 |       |     1 |       ||     2
       Dart              |       |       |       |     1 ||     1
 Cast: Beastly Appendage |    20 |     1 |       |       ||    21
       Spider Form       |     2 |    13 |    17 |       ||    32
       Wereblood         |     1 |     3 |    10 |    21 ||    35
       Ice Form          |       |       |    11 |    28 ||    39
Evoke: Wand              |       |       |       |     5 ||     5
  Use: Scroll            |       |     8 |     4 |     9 ||    21
       Potion            |       |       |       |    10 ||    10
 Stab: Sleeping          |     7 |     7 |       |     4 ||    18
       Distracted        |       |       |     1 |     2 ||     3
Armor: Skin              |     2 |     7 |    16 |    65 ||    90
Dodge: Dodged            |    39 |   102 |   151 |   187 ||   479

Levels and vault maps discovered:
D:1:      ncdulo_lavacross, layout_loops_ring, chequers_mini_garden
D:2:      layout_loops_cross, basic_altar, nicolae_titane
D:3:      layout_loops_corners, nicolae_ru_the_path_less_chosen,
          guppyfry_early_lair_pool, uniq_robin, uniq_jessica
D:4:      cheibrodos_barr_body, layout_loops_corners,
          nicolae_dithmenos_through_a_glass_darkly,
          nicolae_overflow_crystal_walls, gup_sewer_entry_bubbles,
          amcnicky_mini_corridor_feature, uniq_natasha
D:5:      layout_basic, nicolae_gozag_seed_capital,
          beargit_hepliaklqana_dungeon_heroes, makhleb_grotto_becter,
          serial_shops, kennysheep_little_box, uniq_blork_the_orc, uniq_sigmund
D:6:      layout_basic, mainiacjoe_overflow_small_starburst, serial_shops,
          nicolae_shop_trees, corexii_corridor_pit, minmay_misc_feat_enclosed,
          uniq_duvessa, uniq_pikel, uniq_eustachio
D:7:      layout_gridville, xom_shifter_show, minmay_temple_entry_proselytizer,
          chequers_serial_rivers_room_a, uniq_menkaure
D:8:      kennysheep_big_flooded_room, layout_basic, serial_shops, shop_coins,
          hangedman_decor_points, corexii_hall_statues_i, uniq_grum, uniq_erica,
          uniq_psyche, uniq_amaemon
D:9:      layout_long_grid, nicolae_overflow_two_pavilions,
          mainiacjoe_overflow_large_starburst, serial_shops,
          nicolae_shop_bloodbath_and_beyond
D:10:     layout_basic, lair_entry_dummy,
          kennysheep_orc_monster_closet_entryway, hellmonk_bongcloud_opening,
          lightli_church_of_beogh

Notes
Turn   | Place    | Note
-------+----------+-------------------------------------------
     0 | D:1      | Eryximachus the Octopode Transmuter began the quest for the
                  | Orb.
     0 | D:1      | Reached XP level 1. HP: 13/13 MP: 3/3
   771 | D:1      | Reached XP level 2. HP: 13/18 MP: 3/5
   848 | D:1      | Learned a level 2 spell: Wereblood
  1913 | D:1      | Reached skill level 3 in Transmutations
  2634 | D:2      | Reached XP level 3. HP: 23/23 MP: 4/6
  2638 | D:2      | Learned a level 3 spell: Spider Form
  2793 | D:2      | Found an iron altar of Okawaru.
  2799 | D:2      | Reached skill level 1 in Poison Magic
  2808 | D:2      | HP: 1/23 [frozen (5)]
  3297 | D:2      | Reached XP level 4. HP: 28/28 MP: 7/7
  3600 | D:3      | Reached skill level 2 in Poison Magic
  3735 | D:3      | Noticed Jessica
  3962 | D:3      | Killed Jessica
  3963 | D:3      | Reached skill level 4 in Transmutations
  3963 | D:3      | Reached skill level 3 in Poison Magic
  3963 | D:3      | Reached XP level 5. HP: 33/33 MP: 4/8
  4010 | D:3      | Found a sacrificial altar of Ru.
  4599 | D:3      | Noticed Robin
  4611 | D:3      | Killed Robin
  4971 | D:4      | Found a glowing silver altar of Zin.
  5108 | D:4      | Found a shadowy altar of Dithmenos.
  5110 | D:4      | Noticed a phantom
  5131 | D:4      | Killed a phantom
  5132 | D:4      | Reached skill level 5 in Transmutations
  5132 | D:4      | Reached skill level 4 in Poison Magic
  5132 | D:4      | Reached XP level 6. HP: 36/38 MP: 6/9
  5490 | D:4      | Found a glowing drain.
  6153 | D:4      | Reached skill level 6 in Transmutations
  6568 | D:4      | Noticed Natasha
  6576 | D:4      | Killed Natasha
  6622 | D:4      | Noticed a black bear
  6632 | D:4      | Killed a black bear
  6633 | D:4      | Reached skill level 2 in Fighting
  6633 | D:4      | Reached XP level 7. HP: 28/45 MP: 7/10
  6995 | D:4      | Reached skill level 4 in Unarmed Combat
  7003 | D:4      | Reached skill level 3 in Fighting
  7542 | D:4      | Found a glowing silver altar of Zin.
  7810 | D:4      | Found a shadowy altar of Dithmenos.
  7820 | D:4      | Noticed Natasha
  7830 | D:4      | Killed Natasha
  8132 | D:4      | Noticed Natasha
  8140 | D:4      | Killed Natasha
  8281 | D:5      | Entered Level 5 of the Dungeon
  8345 | D:5      | Found an opulent altar of Gozag.
  8353 | D:5      | Became a worshipper of Gozag Ym Sagoz the Greedy
  8383 | D:5      | Learned a level 4 spell: Ice Form
  8399 | D:5      | Reached skill level 1 in Ice Magic
  8399 | D:5      | Reached XP level 8. HP: 45/54 MP: 8/11
  8573 | D:5      | Reached skill level 4 in Fighting
  8573 | D:5      | Reached skill level 5 in Unarmed Combat
  8697 | D:5      | Found a burning altar of Makhleb.
  8703 | D:5      | Reached skill level 2 in Ice Magic
  9294 | D:5      | Noticed Blork the orc
  9321 | D:5      | Killed Blork the orc
  9322 | D:5      | Reached skill level 3 in Ice Magic
  9552 | D:5      | Noticed Sigmund
  9879 | D:6      | Noticed Eustachio
  9905 | D:6      | Killed Eustachio
  9906 | D:6      | Reached skill level 4 in Ice Magic
 10223 | D:6      | Found Wifoqeud's Antique Weapon Shoppe.
 10247 | D:6      | Noticed a shadow
 10284 | D:6      | Found a sparkling altar of Nemelex Xobeh.
 10518 | D:6      | Noticed Duvessa
 10550 | D:6      | Noticed Pikel
 10578 | D:6      | Killed Pikel
 10579 | D:6      | Reached skill level 5 in Fighting
 10579 | D:6      | Reached skill level 6 in Unarmed Combat
 10579 | D:6      | Reached skill level 5 in Ice Magic
 10579 | D:6      | Reached skill level 3 in Stealth
 10579 | D:6      | Reached skill level 1 in Shields
 10579 | D:6      | Reached XP level 9. HP: 41/61 MP: 8/12
 10582 | D:6      | Reached skill level 4 in Stealth
 10849 | D:6      | Noticed Dowan
 11177 | D:5      | Killed Sigmund
 11178 | D:5      | Reached skill level 3 in Dodging
 11178 | D:5      | Reached skill level 2 in Shields
 11391 | D:5      | Found a faded altar of an unknown god.
 11420 | D:5      | Found a hazy altar of Hepliaklqana.
 11622 | D:5      | Found Ujo Jiheu's Antique Armour Emporium.
 11732 | D:6      | Reached skill level 5 in Stealth
 12309 | D:6      | Killed Duvessa
 12312 | D:6      | Killed Dowan
 12443 | D:7      | Reached skill level 6 in Stealth
 12443 | D:7      | Reached skill level 3 in Shields
 12497 | D:7      | Reached skill level 7 in Transmutations
 12537 | D:7      | Noticed a hornet
 12546 | D:7      | Killed a hornet
 12546 | D:7      | HP: 6/70 [wight/+0 war axe (3)]
 12547 | D:7      | Reached skill level 4 in Dodging
 12547 | D:7      | Reached XP level 10. HP: 7/66 MP: 5/13
 13100 | D:7      | Reached skill level 4 in Shields
 13103 | D:7      | Reached skill level 8 in Transmutations
 13155 | D:7      | Reached skill level 5 in Dodging
 13343 | D:7      | Reached skill level 1 in Evocations
 13405 | D:7      | Found a shimmering altar of Xom.
 13406 | D:7      | Found a shimmering altar of Xom.
 13406 | D:7      | Found a shimmering altar of Xom.
 13407 | D:7      | Found a shimmering altar of Xom.
 13408 | D:7      | Found a shimmering altar of Xom.
 13465 | D:7      | Found a shimmering altar of Xom.
 13669 | D:7      | Noticed Menkaure
 13904 | D:7      | Reached skill level 2 in Evocations
 14258 | D:7      | Found a staircase to the Ecumenical Temple.
 14264 | D:7      | Reached skill level 3 in Spellcasting
 14339 | D:8      | Noticed Grum
 14473 | D:8      | Noticed a two-headed ogre
 14680 | D:8      | Found Pogaosos's Weapon Shoppe.
 14708 | D:8      | Identified a potion of resistance
 14755 | D:8      | Noticed Psyche
 14774 | D:8      | Reached skill level 3 in Evocations
 14932 | D:8      | Killed Psyche
 15385 | D:7      | Killed Menkaure
 15579 | D:7      | Reached skill level 4 in Spellcasting
 15579 | D:7      | Reached skill level 4 in Evocations
 15589 | D:7      | Noticed a fire giant
 15657 | D:7      | Noticed a dire elephant
 15664 | D:7      | Noticed a storm dragon
 15664 | D:7      | a dire elephant changed into a storm dragon
 15732 | D:7      | Noticed a black mamba
 15732 | D:7      | Noticed an anaconda
 15739 | D:7      | Noticed an ettin
 15739 | D:7      | an anaconda changed into an ettin
 15790 | D:8      | Killed Grum
 15795 | D:8      | Reached skill level 5 in Evocations
 15949 | D:8      | Killed a two-headed ogre
 16235 | D:8      | Noticed a centaur warrior
 16248 | D:8      | Killed a centaur warrior
 16249 | D:8      | Reached XP level 11. HP: 65/72 MP: 12/17
 16255 | D:8      | Reached skill level 7 in Stealth
 16280 | D:8      | Noticed Amaemon
 16526 | D:9      | Found a radiant altar of Vehumet.
 16526 | D:9      | Found a hide-covered altar of Uskayaw.
 16671 | D:9      | Found Dyol Iph's Weapon Emporium.
 16833 | D:9      | Found a glowing golden altar of the Shining One.
 16959 | D:9      | Found a stormy altar of Qazlal.
 17240 | D:9      | Reached skill level 6 in Fighting
 17244 | D:9      | Reached skill level 6 in Dodging
 17272 | D:9      | Identified the +0 pair of boots of Pan-Flutes {Dex+3}
 17577 | D:10     | Entered Level 10 of the Dungeon
 18033 | D:10     | Found a staircase to the Lair.
 18088 | D:10     | Found a runed translucent door.
 18163 | D:10     | HP: 7/86 [something (4)]
 18187 | D:10     | Slain by a vampire

Vanquished Creatures
  A centaur warrior (D:8)
  A two-headed ogre (D:8)
  Pikel (D:6)
  Psyche (D:8)
  3 hornets
  A troll (D:8)
  Sigmund (D:5)
  A wraith (D:10)
  2 shadows
  A wyvern (D:9)
  Grum (D:8)
  Eustachio (D:6)
  Menkaure (D:7)
  2 acid dragons (D:9)
  Duvessa (D:6)
  A water moccasin (D:7)
  2 orc warriors
  A black bear (D:4)
  2 ice beasts (D:7)
  A sky beast (D:8)
  2 ogres
  3 wolves (D:8)
  6 centaurs
  4 phantoms
  A lemure (D:6)
  A kobold brigand (D:9)
  Blork the orc (D:5)
  A necrophage (D:6)
  4 bullfrogs
  2 scorpions
  10 wights (D:7)
  Dowan (D:6)
  6 killer bees
  5 hounds
  9 orc priests
  2 gnoll boudas (D:5)
  Jessica (D:3)
  Natasha (thrice) (D:4)
  4 iguanas
  8 orc wizards
  Robin (D:3)
  18 gnolls
  3 adders
  A river rat (D:4)
  2 shadow imps (D:5)
  2 white imps
  2 worms
  4 dart slugs
  27 orcs
  5 bats
  11 endoplasms
  7 giant cockroaches
  17 goblins
  6 hobgoblins
  6 jackals
  8 quokkas
  3 ball pythons
  2 frilled lizards (D:2)
  10 kobolds
  7 rats
242 creatures vanquished.

Vanquished Creatures (others)
  A quokka (D:4)
  6 plants (D:3)
7 creatures vanquished.

Grand Total: 249 creatures vanquished

Table legend: (Time is in decaauts)
 A = Elapsed time spent in this place.
 B = Non-inter-level travel time spent in this place.
 C = Inter-level travel time spent in this place.
 D = Time resting spent in this place.
 E = Time spent auto-exploring this place.
 F = Levels seen in this place.
 G = Mean time per level.
                   A        B        C        D        E       F      G
               +--------+--------+--------+--------+--------+-----+--------+
         Total |  18119 |  16695 |   1424 |   6382 |   4741 |  10 | 1811.9 |
       Dungeon |  18119 |  16695 |   1424 |   6382 |   4741 |  10 | 1811.9 |
               +--------+--------+--------+--------+--------+-----+--------+

Top non-repeatable levels by time:
     D:4: 3703 daAuts
     D:7: 2291 daAuts
     D:5: 2132 daAuts
     D:6: 2090 daAuts
     D:1: 1956 daAuts
     D:2: 1517 daAuts
     D:3: 1362 daAuts
     D:9: 1270 daAuts
     D:8: 1189 daAuts
    D:10: 604 daAuts

Table legend:
 A = Non-vault XP
 B = Vault XP
 C = Vault XP percentage of total XP
 D = Non-vault monster count
 E = Vault monster count
 F = Vault count percentage of total count
                 A         B        C        D         E       F
            +---------+---------+-------+---------+---------+-------
      Total |    8349 |    4035 |  32.6 |     188 |      54 |  22.3
            +---------+---------+-------+---------+---------+-------
        D:1 |      20 |       0 |   0.0 |      13 |       0 |   0.0
        D:2 |      62 |       0 |   0.0 |      25 |       0 |   0.0
        D:3 |      62 |      76 |  55.1 |      14 |      14 |  50.0
        D:4 |     625 |     283 |  31.2 |      22 |      24 |  52.2
        D:5 |     698 |     333 |  32.3 |      28 |       3 |   9.7
        D:6 |     769 |    1076 |  58.3 |      10 |       4 |  28.6
        D:7 |    2469 |     213 |   7.9 |      27 |       2 |   6.9
        D:8 |    1526 |    2054 |  57.4 |      18 |       7 |  28.0
        D:9 |    1674 |       0 |   0.0 |      26 |       0 |   0.0
       D:10 |     444 |       0 |   0.0 |       5 |       0 |   0.0
            +---------+---------+-------+---------+---------+-------
